| TOP OF THE 1ST |
|
Biloxi Shuckers batting - Pitching for Springfield Cardinals : RHP Kevon Jamison
|
|
Pitching: RHP Kevon Jamison
|
|
|
Batting: RHB Nick Cummings
|
0-0: DOUBLE (Line Drive, 9LS, EV 102.5 MPH)
|
|
Batting: SHB Mike Williams
|
0-0: DOUBLE (Line Drive, 9LS, EV 104.4 MPH) Nick Cummings scores
|
|
Batting: RHB Eddie McCoy
|
0-0: Called Strike 0-1: Ball 1-1: Fly out, F9 (Flyball, 9, EV 91.9 MPH)
|
|
Batting: SHB Orlando Torres
|
0-0: Ball 1-0: Called Strike 1-1: Ball 2-1: Called Strike 2-2: Strikes out swinging
|
|
Batting: RHB Steve Byerly
|
0-0: Called Strike 0-1: Ball 1-1: Ball Wild Pitch! Mike Williams to third 2-1: Reached on error, E4 (Groundball, 4S, EV 79.4 MPH) Mike Williams scores
|
|
Batting: RHB Josh Nelson
|
0-0: Swinging Strike 0-1: Called Strike 0-2: Strikes out looking
|
| Top of the 1st over - 2 runs, 2 hits, 1 error, 1 left on base; Biloxi 2 - Springfield 0 |
| BOTTOM OF THE 1ST |
|
Springfield Cardinals batting - Pitching for Biloxi Shuckers : RHP Aaron Saenz
|
|
Pitching: RHP Aaron Saenz
|
|
|
Batting: RHB Fekadu Alhaadi
|
0-0: Ball 1-0: Ball 2-0: Foul Ball, location: 2F 2-1: Fly out, F8 (Line Drive, 78D, EV 86.2 MPH)
|
|
Batting: RHB Tyler Walker
|
0-0: Ground out 5-3 (Groundball, 25, EV 84.4 MPH)
|
|
Batting: LHB Travis Ruppel
|
0-0: Ball 1-0: Called Strike 1-1: Swinging Strike 1-2: Foul Ball, location: 2F 1-2: Foul Ball, location: 2F 1-2: Ball 2-2: Strikes out swinging
|
| Bottom of the 1st over - 0 runs, 0 hits, 0 errors, 0 left on base; Biloxi 2 - Springfield 0 |
| TOP OF THE 2ND |
|
Biloxi Shuckers batting - Pitching for Springfield Cardinals : RHP Kevon Jamison
|
|
Batting: RHB Brian Landrum
|
0-0: Foul Ball, location: 2F 0-1: Ball 1-1: SINGLE (Groundball, 4M, EV 100.6 MPH) (infield hit)
|
|
Batting: RHB Cameron Rattenbury
|
0-0: Called Strike 0-1: SINGLE (Line Drive, 9S, EV 103.1 MPH) Brian Landrum to second
|
|
Batting: RHB Leo Serrano
|
0-0: Ball 1-0: Ball 2-0: Swinging Strike 2-1: Called Strike 2-2: Strikes out swinging
|
|
Batting: RHB Nick Cummings
|
0-0: Called Strike 0-1: Called Strike 0-2: Ball 1-2: Ball 2-2: Strikes out swinging
|
|
Batting: SHB Mike Williams
|
0-0: Foul Ball, location: 2F 0-1: Fielders Choice at 2nd, 6-4 (Groundball, 6, EV 88.1 MPH)
|
| Top of the 2nd over - 0 runs, 2 hits, 0 errors, 2 left on base; Biloxi 2 - Springfield 0 |
| BOTTOM OF THE 2ND |
|
Springfield Cardinals batting - Pitching for Biloxi Shuckers : RHP Aaron Saenz
|
|
Batting: RHB Joe Alley
|
0-0: Ball 1-0: Called Strike 1-1: Swinging Strike 1-2: Ball 2-2: Strikes out swinging
|
|
Batting: RHB Jose Rivera
|
0-0: Ball 1-0: DOUBLE (Line Drive, 89XD, EV 105.0 MPH)
|
|
Batting: RHB Tommy Boudreaux
|
0-0: Ground out 6-3 (Groundball, 6, EV 96.2 MPH)
|
|
Batting: RHB Kalidas Mishra
|
0-0: Called Strike 0-1: SINGLE (Popup, 56, EV 76.9 MPH) Jose Rivera to third Runner from 3rd tries for Home, throw by SS and OUT! 6-2
|
| Bottom of the 2nd over - 0 runs, 2 hits, 0 errors, 1 left on base; Biloxi 2 - Springfield 0 |
| TOP OF THE 3RD |
|
Biloxi Shuckers batting - Pitching for Springfield Cardinals : RHP Kevon Jamison
|
|
Batting: RHB Eddie McCoy
|
0-0: Ball 1-0: Ball 2-0: Foul Ball, location: 2F 2-1: Called Strike 2-2: Ball 3-2: Fly out, F9 (Flyball, BS6, EV 99.4 MPH)
|
|
Batting: SHB Orlando Torres
|
0-0: Called Strike 0-1: SINGLE (Groundball, 4MD, EV 99.4 MPH)
|
|
Batting: RHB Steve Byerly
|
0-0: Ball 1-0: Foul Ball, location: 2F 1-1: SINGLE (Flyball, 89S, EV 85.6 MPH) Orlando Torres to second
|
|
Batting: RHB Josh Nelson
|
0-0: Called Strike 0-1: Swinging Strike 0-2: Ball 1-2: Strikes out swinging
|
|
Batting: RHB Brian Landrum
|
0-0: Called Strike 0-1: Fly out, F7 (Flyball, 7LM, EV 75.6 MPH)
|
| Top of the 3rd over - 0 runs, 2 hits, 0 errors, 2 left on base; Biloxi 2 - Springfield 0 |
| BOTTOM OF THE 3RD |
|
Springfield Cardinals batting - Pitching for Biloxi Shuckers : RHP Aaron Saenz
|
|
Batting: SHB Jorge Brito
|
0-0: Ball 1-0: Ball 2-0: Called Strike 2-1: Ball 3-1: Base on Balls
|
|
Batting: RHB Josh Broome
|
0-0: DOUBLE (Line Drive, 78D, EV 102.5 MPH) Jorge Brito to third
|
|
Batting: RHB Fekadu Alhaadi
|
0-0: Foul Ball, location: 2F 0-1: Fly out, F6 (Popup, 15S, EV 82.5 MPH)
|
|
Batting: RHB Tyler Walker
|
0-0: Ball 1-0: Ball 2-0: Ball 3-0: Called Strike 3-1: Foul Ball, location: 2F 3-2: Ground out 5-3 (Groundball, 56S, EV 85.0 MPH) Jorge Brito scores
|
|
Batting: LHB Travis Ruppel
|
0-0: Fly out, F8 (Flyball, 78M, EV 91.9 MPH)
|
| Bottom of the 3rd over - 1 run, 1 hit, 0 errors, 1 left on base; Biloxi 2 - Springfield 1 |
| TOP OF THE 4TH |
|
Biloxi Shuckers batting - Pitching for Springfield Cardinals : RHP Kevon Jamison
|
|
Batting: RHB Cameron Rattenbury
|
0-0: Called Strike 0-1: Ball 1-1: Fly out, F8 (Flyball, 8LD, EV 86.9 MPH)
|
|
Batting: RHB Leo Serrano
|
0-0: Ground out 5-3 (Groundball, 56, EV 103.8 MPH)
|
|
Batting: RHB Nick Cummings
|
0-0: Swinging Strike 0-1: Foul Ball, location: 2F 0-2: Ball 1-2: Ball 2-2: Strikes out looking
|
| Top of the 4th over - 0 runs, 0 hits, 0 errors, 0 left on base; Biloxi 2 - Springfield 1 |
| BOTTOM OF THE 4TH |
|
Springfield Cardinals batting - Pitching for Biloxi Shuckers : RHP Aaron Saenz
|
|
Batting: RHB Joe Alley
|
0-0: Called Strike 0-1: Foul Ball, location: 2F 0-2: Ball 1-2: Strikes out swinging
|
|
Batting: RHB Jose Rivera
|
0-0: Called Strike 0-1: Ball 1-1: Swinging Strike 1-2: Ball 2-2: Strikes out swinging
|
|
Batting: RHB Tommy Boudreaux
|
0-0: Ground out 6-3 (Groundball, 6, EV 94.4 MPH)
|
| Bottom of the 4th over - 0 runs, 0 hits, 0 errors, 0 left on base; Biloxi 2 - Springfield 1 |
| TOP OF THE 5TH |
|
Biloxi Shuckers batting - Pitching for Springfield Cardinals : RHP Kevon Jamison
|
|
Batting: SHB Mike Williams
|
0-0: Ball 1-0: Ground out 5-3 (Groundball, 56, EV 84.4 MPH)
|
|
Batting: RHB Eddie McCoy
|
0-0: Ball 1-0: Foul Ball, location: 2F 1-1: Called Strike 1-2: Strikes out swinging
|
|
Batting: SHB Orlando Torres
|
0-0: Ball 1-0: Called Strike 1-1: Swinging Strike 1-2: Ball 2-2: Foul Ball, location: 2F 2-2: Foul Ball, location: 2F 2-2: Foul Ball, location: 2F 2-2: Ball 3-2: Base on Balls
|
|
Batting: RHB Steve Byerly
|
0-0: Ball 1-0: Swinging Strike 1-1: Called Strike 1-2: Ball 2-2: Ball 3-2: Ground out 4-3 (Groundball, 4, EV 91.9 MPH)
|
| Top of the 5th over - 0 runs, 0 hits, 0 errors, 1 left on base; Biloxi 2 - Springfield 1 |
| BOTTOM OF THE 5TH |
|
Springfield Cardinals batting - Pitching for Biloxi Shuckers : RHP Aaron Saenz
|
|
Batting: RHB Kalidas Mishra
|
0-0: Ball 1-0: Called Strike 1-1: Foul Ball, location: 2F 1-2: SINGLE (Groundball, 4M, EV 102.5 MPH) (infield hit)
|
|
Batting: SHB Jorge Brito
|
0-0: Ball 1-0: Ball 2-0: Foul Ball, location: 2F 2-1: SINGLE (Groundball, 34S, EV 85.6 MPH) (infield hit) Kalidas Mishra to second
|
|
Batting: RHB Josh Broome
|
0-0: Foul Ball, location: 2F 0-1: Swinging Strike 0-2: Ball 1-2: Fielders Choice at 2nd, 4-6 (Groundball, 4, EV 80.0 MPH) Kalidas Mishra to third
|
|
Batting: RHB Fekadu Alhaadi
|
0-0: Ball 1-0: Ball Wild Pitch! Kalidas Mishra scores Josh Broome to second 2-0: Ground out 5-3 (Groundball, 56S, EV 86.9 MPH)
|
|
Batting: RHB Tyler Walker
|
0-0: Swinging Strike 0-1: Ball 1-1: SINGLE (Line Drive, 4D, EV 95.0 MPH) Josh Broome to third Runner from 3rd tries for Home, SAFE, throw by RF to home
|
|
Batting: LHB Travis Ruppel
|
0-0: Ball 1-0: Fly out, F8 (Flyball, 78D, EV 100.0 MPH)
|
| Bottom of the 5th over - 2 runs, 3 hits, 0 errors, 1 left on base; Biloxi 2 - Springfield 3 |
| TOP OF THE 6TH |
|
Biloxi Shuckers batting - Pitching for Springfield Cardinals : RHP Kevon Jamison
|
|
Batting: RHB Josh Nelson
|
0-0: Ball 1-0: Ground out 6-3 (Groundball, 6, EV 97.5 MPH)
|
|
Batting: RHB Brian Landrum
|
0-0: Called Strike 0-1: Foul Ball, location: 2F 0-2: Strikes out swinging
|
|
Batting: RHB Cameron Rattenbury
|
0-0: Ball 1-0: Ball 2-0: Ground out 4-3 (Groundball, 13, EV 80.6 MPH)
|
| Top of the 6th over - 0 runs, 0 hits, 0 errors, 0 left on base; Biloxi 2 - Springfield 3 |
| BOTTOM OF THE 6TH |
|
Springfield Cardinals batting - Pitching for Biloxi Shuckers : RHP Aaron Saenz
|
|
Batting: RHB Joe Alley
|
0-0: Swinging Strike 0-1: Swinging Strike 0-2: Foul Ball, location: 2F 0-2: Strikes out swinging
|
|
Batting: RHB Jose Rivera
|
0-0: Ball 1-0: Swinging Strike 1-1: Ball 2-1: Ball 3-1: Foul Ball, location: 2F 3-2: Fly out, F8 (Flyball, 8RD, EV 91.9 MPH)
|
|
Batting: RHB Tommy Boudreaux
|
0-0: Fly out, F5 (Popup, 5SF, EV 73.1 MPH)
|
| Bottom of the 6th over - 0 runs, 0 hits, 0 errors, 0 left on base; Biloxi 2 - Springfield 3 |
| TOP OF THE 7TH |
|
Biloxi Shuckers batting - Pitching for Springfield Cardinals : RHP Kevon Jamison
|
|
Now in LF: Jose Jimenez
|
|
|
Batting: RHB Leo Serrano
|
0-0: Ball 1-0: SINGLE (Line Drive, 9S, EV 105.0 MPH)
|
|
Batting: RHB Nick Cummings
|
0-0: Ball 1-0: Foul Ball, location: 2F 1-1: Ball 2-1: Ball 3-1: Grounds into double play, 5-4-3 (Groundball, 5, EV 108.1 MPH)
|
|
Batting: SHB Mike Williams
|
0-0: Ball 1-0: Ball 2-0: Ground out 5-3 (Groundball, 5L, EV 106.9 MPH)
|
| Top of the 7th over - 0 runs, 1 hit, 0 errors, 0 left on base; Biloxi 2 - Springfield 3 |
| BOTTOM OF THE 7TH |
|
Springfield Cardinals batting - Pitching for Biloxi Shuckers : RHP Aaron Saenz
|
|
Batting: RHB Kalidas Mishra
|
0-0: Called Strike 0-1: Ground out 6-3 (Groundball, 6, EV 108.1 MPH)
|
|
Batting: SHB Jorge Brito
|
0-0: Called Strike 0-1: Fly out, F9 (Flyball, 9, EV 75.6 MPH)
|
|
Batting: RHB Josh Broome
|
0-0: Called Strike 0-1: Foul Ball, location: 2F 0-2: Ball 1-2: Ground out 6-3 (Groundball, 6MD, EV 106.2 MPH)
|
| Bottom of the 7th over - 0 runs, 0 hits, 0 errors, 0 left on base; Biloxi 2 - Springfield 3 |
| TOP OF THE 8TH |
|
Biloxi Shuckers batting - Pitching for Springfield Cardinals : RHP Kevon Jamison
|
|
Batting: RHB Eddie McCoy
|
0-0: Ball 1-0: Swinging Strike 1-1: Ball 2-1: Ball 3-1: Fly out, F8 (Flyball, 8RD, EV 85.6 MPH)
|
|
Pitching: RHP Brian Sanderson
|
|
|
Batting: SHB Orlando Torres
|
0-0: Called Strike 0-1: Called Strike 0-2: Ball 1-2: Ground out 4-3 (Groundball, 4, EV 88.8 MPH)
|
|
Batting: RHB Steve Byerly
|
0-0: Called Strike 0-1: Ball 1-1: Foul Ball, location: 2F 1-2: Ball 2-2: Strikes out swinging
|
| Top of the 8th over - 0 runs, 0 hits, 0 errors, 0 left on base; Biloxi 2 - Springfield 3 |
| BOTTOM OF THE 8TH |
|
Springfield Cardinals batting - Pitching for Biloxi Shuckers : RHP Aaron Saenz
|
|
Pitching: RHP Dan Landry
|
|
|
Batting: RHB Fekadu Alhaadi
|
0-0: Swinging Strike 0-1: Ball 1-1: Foul Ball, location: 2F 1-2: Foul Ball, location: 2F 1-2: Ball 2-2: Ball 3-2: Fly out, F7 (Flyball, 78M, EV 83.1 MPH)
|
|
Batting: RHB Tyler Walker
|
0-0: Ball 1-0: Ground out 4-3 (Groundball, 4M, EV 86.2 MPH)
|
|
Batting: RHB Jose Jimenez
|
0-0: Foul Ball, location: 2F 0-1: Swinging Strike 0-2: Strikes out swinging
|
| Bottom of the 8th over - 0 runs, 0 hits, 0 errors, 0 left on base; Biloxi 2 - Springfield 3 |
| TOP OF THE 9TH |
|
Biloxi Shuckers batting - Pitching for Springfield Cardinals : RHP Brian Sanderson
|
|
Pitching: RHP Chris Moore
|
|
|
Batting: RHB Josh Nelson
|
0-0: Fly out, F7 (Flyball, 78M, EV 97.5 MPH)
|
|
Batting: RHB Brian Landrum
|
0-0: Called Strike 0-1: Ball 1-1: Foul Ball, location: 2F 1-2: Ball 2-2: Ball 3-2: Strikes out swinging
|
|
Batting: RHB Cameron Rattenbury
|
0-0: Called Strike 0-1: Fly out, F8 (Flyball, 8RM, EV 85.0 MPH)
|
| Top of the 9th over - 0 runs, 0 hits, 0 errors, 0 left on base; Biloxi 2 - Springfield 3 |
|